 Dungeon Crawl Stone Soup version 0.31-a0-826-ga5cc291a1b (webtiles) character file.

Game seed: 13075114693290585747

94 qw the Shooter (level 4, -6/28 HPs)
             Began as a Gargoyle Hunter on Sept 23, 2023.
             Killed by divine providence
             ... invoked by an orc priest
              (15 damage)
             ... on level 3 of the Dungeon.
             The game lasted 00:00:37 (1627 turns).

qw the Shooter (Gargoyle Hunter)                    Turns: 1627, Time: 00:00:37

Health: -6/28      AC:  8    Str: 14    XL:     4   Next: 63%
Magic:  4/4        EV: 10    Int: 10    God:
Gold:   114        SH:  0    Dex: 15    Spells: 3/3 levels left

rFire   . . .        Y - +0 shortbow
rCold   . . .        (shield currently unavailable)
rNeg    + . .        g - +0 ring mail
rPois   inf          (no helmet)
rElec   +            (no cloak)
rCorr   .            (no gloves)
SInv    .            (no boots)
Will    .....        (no amulet)
Stlth   +            (no ring)
HPRegen 0.24/turn    (no ring)
MPRegen 0.09/turn

%: no passive effects
@: no status effects
A: sickness immunity, AC +3, negative energy resistance 1, electricity
resistance, torment resistance 1, petrification resistance
a: no special abilities


You were on level 3 of the Dungeon.
You visited 1 branch of the dungeon, and saw 3 of its levels.

You collected 114 gold pieces.


Innate Abilities, Weirdness & Mutations

You are immune to sickness and miasma.
Your stone body is resilient. (AC +3)
You are immune to poison.
You resist negative energy. (rN+)
You are resistant to electric shocks. (rElec)
You are resistant to unholy torment.
You are immune to petrification.


   Skills:
 - Level 3.5 Fighting
 + Level 5.1 Ranged Weapons
 - Level 1.0 Armour
 - Level 1.5 Dodging
 - Level 1.1 Stealth


You had 3 spell levels left.
You didn't know any spells.
Your spell library was empty.

Inventory:

Hand Weapons
 Y - a +0 shortbow (weapon)
Armour
 g - a +0 ring mail (worn)
Potions
 a - a potion of haste {unknown}
 b - 2 potions of might {unknown}
 c - 2 potions of heal wounds {unknown}
 e - a potion of ambrosia {unknown}
 h - a potion of curing {unknown}
 j - a potion of resistance {unknown}

Dungeon Overview and Level Annotations

Branches:
Dungeon (3/15)

Altars:


Message History

Enter note:
Enter note:
1618 |||
Found retreat position at 0,-1 (floor) with 0 blocking monsters and 1 monsters attacking at destination at distance 1
Enter note:
Enter note:
1618 ||| Stepping ~*~*~tactically~*~*~ (retreating).
You shoot an arrow. The arrow hits the orc priest.
The orc priest is moderately wounded.
The orc priest calls down the wrath of Beogh upon you.
Beogh smites you!
Ouch! That really hurt!
You shoot an arrow. The arrow hits the orc priest.
The orc priest is heavily wounded.
The orc priest barely misses you.
You shoot an arrow.
The arrow closely misses the orc priest.
1622 ||| FLEEEEING.
1623 ||| FLEEEEING.
You shoot an arrow.
The arrow hits the orc but does no damage.
You shoot an arrow. The arrow hits the orc.
The orc is heavily wounded.
The orc barely misses you.
The orc priest hits you from afar with a +0 trident.
Enter note:
Enter note:
1626 |||
Found retreat position at -5,-3 (floor) with 0 blocking monsters and 2 monsters attacking at destination at distance 5
Enter note:
Enter note:
1626 ||| Stepping ~*~*~tactically~*~*~ (retreating).
The orc attacks as it pursues you! The orc hits you but does no damage.
The orc priest looks braver for a moment.
You shoot an arrow.
The arrow hits the orc but does no damage.
The orc is heavily wounded.
The orc hits you with a +0 flail.
The orc priest mumbles some strange prayers to Beogh against you.
Beogh smites you!
Ouch! That really hurt!
You die...

##....#.##.......######
##..).#................
##...##########..#####.
##.... #...........
#..... #.##...#####
#....# #.##...#########
#....+ #.##.###........
#....##..# #)...@...#
#..####o#.# #>..##
#...# #.## ###o# #. #o#
# #.....o.o #####.o..
..


You could see an orc priest and 2 orcs.

Vanquished Creatures
  A hound (D:2)
  An adder (D:2)
  2 dart slugs
  3 orcs (D:3)
  11 ball pythons
  2 bats
  3 endoplasms
  3 giant cockroaches
  2 goblins
  3 hobgoblins
  6 kobolds
  A quokka (D:2)
  3 frilled lizards
  7 rats
48 creatures vanquished.

Notes
Turn   | Place    | Note
-------+----------+-------------------------------------------
     0 | D:1      | qw the Gargoyle Hunter began the quest for the Orb.
     0 | D:1      | Reached XP level 1. HP: 12/12 MP: 1/1
     0 | D:1      | 0 ||| qw: Version: 0.3-a-83-gcd0e7d8
     0 | D:1      | 0 ||| qw: Game counter: 1845
     0 | D:1      | 0 ||| qw: Melee chars always use a shield: true
     0 | D:1      | 0 ||| qw: God list: Okawaru
     0 | D:1      | 0 ||| qw: Allow faded altars: false
     0 | D:1      | 0 ||| qw: Do Orc after clearing Dungeon:15 true
     0 | D:1      | 0 ||| qw: Do second Lair branch before Depths: true
     0 | D:1      | 0 ||| qw: Lair rune preference: random
     0 | D:1      | 0 ||| qw: Goals: Normal
     0 | D:1      | 0 ||| PLANNING D:1-11
   123 | D:1      | Reached XP level 2. HP: 17/17 MP: 2/2
   593 | D:1      | 593 ||| READING scroll labelled ETHRAN UXIOCIU.
   596 | D:1      | 596 ||| READING scroll labelled USOHOB WELEHASH.
   597 | D:1      | 597 ||| READING scroll labelled OLUXAQ ZISUACS.
   598 | D:1      | 598 ||| READING scroll labelled TAXYAXY BOYN.
   599 | D:1      | 599 ||| READING scroll labelled MUETUYDASM.
   600 | D:1      | 600 ||| DROPPING scroll of butterflies.
   702 | D:2      | Reached XP level 3. HP: 21/21 MP: 3/3
   769 | D:2      | Reached skill level 5 in Ranged Weapons
  1092 | D:2      | Reached skill level 3 in Fighting
  1092 | D:2      | Reached XP level 4. HP: 28/28 MP: 4/4
  1098 | D:2      | Identified the +3 scale mail "Daroschoi" {rPois rC+ rN+}
  1327 | D:2      | 1327 ||| UPGRADING to +0 ring mail.
  1337 | D:2      | 1337 ||| DROPPING +0 leather armour.
  1338 | D:2      | 1338 ||| READING 2 scrolls labelled UROVYG HUYN.
  1339 | D:2      | 1339 ||| READING scroll labelled DIZYSE SATHRUM.
  1340 | D:2      | 1340 ||| READING scroll labelled PIHEZERIWYM.
  1341 | D:2      | 1341 ||| DROPPING scroll of fog.
  1548 | D:3      | Reached skill level 1 in Armour
  1618 | D:3      | 1618 ||| Stepping ~*~*~tactically~*~*~ (retreating).
  1622 | D:3      | 1622 ||| FLEEEEING.
  1623 | D:3      | 1623 ||| FLEEEEING.
  1626 | D:3      | 1626 ||| Stepping ~*~*~tactically~*~*~ (retreating).
  1627 | D:3      | Killed from afar by an orc priest

Levels and vault maps discovered:
D:1:      dpeg_arrival_solitude, layout_loops_ring, minmay_misc_feat_rugged
D:2:      kennysheep_big_flooded_room, layout_loops_ring
D:3:      layout_basic, nrook_mini_vaults, uniq_ijyb

Skill      XL: |  1  2  3  4 |
---------------+-------------+-----
Ranged Weapons | 5 |  5.1
Fighting       | 3 |  3.5
Armour         | 1 |  1.0
Dodging        | |  1.5
Stealth        | |  1.1

Action                     |  1- 3 |  4- 6 || total
---------------------------+-------+-------++-------
   Fire: Shortbow          |    81 |    54 ||   135
    Use: Scroll            |     5 |     3 ||     8
 Armour: Leather armour    |    12 |       ||    12
         Ring mail         |       |    12 ||    12
  Dodge: Dodged            |    20 |    13 ||    33

Table legend:
 A = Non-vault XP
 B = Vault XP
 C = Vault XP percentage of total XP
 D = Non-vault monster count
 E = Vault monster count
 F = Vault count percentage of total count
                 A         B        C        D         E       F
            +---------+---------+-------+---------+---------+-------
      Total |      93 |      42 |  31.1 |      46 |       2 |   4.2
            +---------+---------+-------+---------+---------+-------
        D:1 |      24 |       0 |   0.0 |      14 |       0 |   0.0
        D:2 |      45 |      42 |  48.3 |      20 |       2 |   9.1
        D:3 |      24 |       0 |   0.0 |      12 |       0 |   0.0
            +---------+---------+-------+---------+---------+-------
